| TOP OF THE 1ST |
|
Augusta GreenJackets batting - Pitching for Hagerstown Suns : RHP Nolan Carew
|
|
Pitching: RHP Nolan Carew
|
|
|
Batting: SHB Zack Barton
|
0-0: Ball 1-0: Foul Ball, location: 2F 1-1: Ground out 2-3 (Groundball, 15S, EV 75.6 MPH)
|
|
Batting: RHB Armando Ramirez
|
0-0: Foul Ball, location: 2F 0-1: Fly out, F3 (Popup, 3SF, EV 67.5 MPH)
|
|
Batting: LHB Oscar Tamayo
|
0-0: Ball 1-0: Ball 2-0: Swinging Strike 2-1: Foul Ball, location: 2F 2-2: Reached on error, E4 (Groundball, 34, EV 106.2 MPH)
|
|
Batting: SHB Louie Horne
|
0-0: Called Strike 0-1: Ground out 4-3 (Groundball, 34, EV 88.8 MPH)
|
| Top of the 1st over - 0 runs, 0 hits, 1 error, 1 left on base; Augusta 0 - Hagerstown 0 |
| BOTTOM OF THE 1ST |
|
Hagerstown Suns batting - Pitching for Augusta GreenJackets : LHP Robert Soto
|
|
Pitching: LHP Robert Soto
|
|
|
Batting: SHB Ed Thorpe Jr.
|
0-0: Called Strike 0-1: Foul Ball, location: 2F 0-2: Ball 1-2: Strikes out looking
|
|
Batting: RHB Rudolph Lentz
|
0-0: Called Strike 0-1: Ground out 5-3 (Groundball, 5, EV 96.2 MPH)
|
|
Batting: RHB Luis Vargas
|
0-0: Ball 1-0: Foul Ball, location: 2F 1-1: Called Strike 1-2: Foul Ball, location: 2F 1-2: SINGLE (Groundball, 25, EV 64.4 MPH) (infield hit)
|
|
Batting: RHB Colin Morris
|
0-0: Ball 1-0: Called Strike 1-1: Ball 2-1: Foul Ball, location: 2F 2-2: Strikes out looking
|
| Bottom of the 1st over - 0 runs, 1 hit, 0 errors, 1 left on base; Augusta 0 - Hagerstown 0 |
| TOP OF THE 2ND |
|
Augusta GreenJackets batting - Pitching for Hagerstown Suns : RHP Nolan Carew
|
|
Batting: LHB Bruce Arvizu
|
0-0: Ball 1-0: Foul Ball, location: 2F 1-1: Swinging Strike 1-2: Ball 2-2: SINGLE (Groundball, 25, EV 66.9 MPH) (infield hit)
|
|
Batting: RHB Antonio Lara
|
0-0: Ball 1-0: Fielders Choice at 2nd, 5-4 (Groundball, 5, EV 103.8 MPH)
|
|
Batting: LHB Gil Caraveo
|
0-0: Ground out 4-3 (Groundball, 34D, EV 85.6 MPH) Antonio Lara to second
|
|
Batting: RHB Gary Sampson
|
0-0: Called Strike 0-1: Ball 1-1: Foul Ball, location: 2F 1-2: Ball 2-2: Ball 3-2: Foul Ball, location: 2F 3-2: Foul Ball, location: 2F 3-2: Fly out, F7 (Flyball, 7LS, EV 89.4 MPH)
|
| Top of the 2nd over - 0 runs, 1 hit, 0 errors, 1 left on base; Augusta 0 - Hagerstown 0 |
| BOTTOM OF THE 2ND |
|
Hagerstown Suns batting - Pitching for Augusta GreenJackets : LHP Robert Soto
|
|
Batting: SHB Nolan Carew
|
0-0: Called Strike 0-1: Ball 1-1: Ball 2-1: Ball 3-1: SINGLE (Line Drive, 7LM, EV 103.8 MPH)
|
|
Batting: RHB Alex Martinez
|
0-0: Ball 1-0: TRIPLE (Flyball, 89XD, EV 96.9 MPH) Nolan Carew scores
|
|
Batting: RHB Kenny Ball
|
0-0: Called Strike 0-1: DOUBLE (Groundball, 5L, EV 103.1 MPH) Alex Martinez scores
|
|
Batting: LHB Tony Olvera
|
0-0: Fly out, F8 (Line Drive, 8RM, EV 91.2 MPH)
|
|
Batting: RHB Jorge Torres
|
0-0: SINGLE (Groundball, 4M, EV 81.2 MPH) (infield hit) Kenny Ball to third
|
|
Batting: SHB Ed Thorpe Jr.
|
0-0: Swinging Strike 0-1: Foul Ball, location: 2F 0-2: Ball 1-2: Ball 2-2: Foul Ball, location: 2F 2-2: Ball 3-2: Base on Balls Jorge Torres to second
|
|
Batting: RHB Rudolph Lentz
|
0-0: Called Strike 0-1: Called Strike 0-2: Ball 1-2: Ball 2-2: Ball 3-2: Base on Balls Kenny Ball scores Jorge Torres to third Ed Thorpe Jr. to second
|
|
Batting: RHB Luis Vargas
|
0-0: Ball 1-0: Ball 2-0: Ball 3-0: Called Strike 3-1: Foul Ball, location: 2F 3-2: Foul Ball, location: 2F 3-2: Base on Balls Jorge Torres scores Ed Thorpe Jr. to third Rudolph Lentz to second
|
|
Batting: RHB Colin Morris
|
0-0: Ball 1-0: Swinging Strike 1-1: Ball 2-1: Fielders Choice at 2nd, 3-6 (Groundball, 3S, EV 92.5 MPH) Ed Thorpe Jr. scores Rudolph Lentz to third
|
|
Pitching: RHP Ted Splawn
|
|
|
Batting: SHB Nolan Carew
|
0-0: Called Strike 0-1: Called Strike 0-2: Fly out, F8 (Line Drive, 8LM, EV 101.9 MPH)
|
| Bottom of the 2nd over - 5 runs, 4 hits, 0 errors, 2 left on base; Augusta 0 - Hagerstown 5 |
| TOP OF THE 3RD |
|
Augusta GreenJackets batting - Pitching for Hagerstown Suns : RHP Nolan Carew
|
|
Batting: RHB Ruben Irizarry
|
0-0: Ground out 6-3 (Groundball, 6, EV 88.1 MPH)
|
|
Batting: SHB Zack Barton
|
0-0: Called Strike 0-1: Ball 1-1: SINGLE (Groundball, 4D, EV 97.5 MPH)
|
|
Batting: RHB Armando Ramirez
|
0-0: Swinging Strike 0-1: Ball 1-1: Ground out 5-3 (Groundball, 56S, EV 63.1 MPH) Zack Barton to second
|
|
Batting: LHB Oscar Tamayo
|
0-0: Ball 1-0: Foul Ball, location: 2F 1-1: Swinging Strike 1-2: Ball 2-2: Ball 3-2: Foul Ball, location: 2F 3-2: Foul Ball, location: 2F 3-2: Base on Balls
|
|
Batting: SHB Louie Horne
|
0-0: Fielders Choice at 2nd, 6-4 (Groundball, 6, EV 101.2 MPH)
|
| Top of the 3rd over - 0 runs, 1 hit, 0 errors, 2 left on base; Augusta 0 - Hagerstown 5 |
| BOTTOM OF THE 3RD |
|
Hagerstown Suns batting - Pitching for Augusta GreenJackets : RHP Ted Splawn
|
|
Batting: RHB Alex Martinez
|
0-0: Ball 1-0: Called Strike 1-1: Ball 2-1: Ball 3-1: Swinging Strike 3-2: Foul Ball, location: 2F 3-2: Strikes out swinging
|
|
Batting: RHB Kenny Ball
|
0-0: Ground out 5-3 (Groundball, 5L, EV 99.4 MPH)
|
|
Batting: LHB Tony Olvera
|
0-0: Ball 1-0: Ball 2-0: Called Strike 2-1: Foul Ball, location: 2F 2-2: Ball 3-2: Foul Ball, location: 2F 3-2: Strikes out swinging
|
| Bottom of the 3rd over - 0 runs, 0 hits, 0 errors, 0 left on base; Augusta 0 - Hagerstown 5 |
| TOP OF THE 4TH |
|
Augusta GreenJackets batting - Pitching for Hagerstown Suns : RHP Nolan Carew
|
|
Batting: LHB Bruce Arvizu
|
0-0: Called Strike 0-1: Ball 1-1: Swinging Strike 1-2: Strikes out swinging, 2-3 out at first.
|
|
Batting: RHB Antonio Lara
|
0-0: Called Strike 0-1: DOUBLE (Line Drive, 7LD, EV 101.9 MPH)
|
|
Batting: LHB Gil Caraveo
|
0-0: Ball 1-0: Ground out 4-3 (Groundball, 4D, EV 100.0 MPH) Antonio Lara to third
|
|
Batting: RHB Gary Sampson
|
0-0: Called Strike 0-1: DOUBLE (Line Drive, 8LXD, EV 101.9 MPH) Antonio Lara scores
|
|
Batting: RHB Ruben Irizarry
|
0-0: Called Strike 0-1: Ball 1-1: SINGLE (Groundball, 4MD, EV 103.8 MPH) Gary Sampson to third Runner from 3rd tries for Home, SAFE, throw by CF to home
|
|
Batting: SHB Zack Barton
|
0-0: Fly out, F4 (Line Drive, 34D, EV 71.2 MPH)
|
| Top of the 4th over - 2 runs, 3 hits, 0 errors, 1 left on base; Augusta 2 - Hagerstown 5 |
| BOTTOM OF THE 4TH |
|
Hagerstown Suns batting - Pitching for Augusta GreenJackets : RHP Ted Splawn
|
|
Batting: RHB Jorge Torres
|
0-0: Hit by Pitch
|
|
Batting: SHB Ed Thorpe Jr.
|
0-0: Ball 1-0: Ball 2-0: Ball 3-0: Base on Balls Jorge Torres to second
|
|
Batting: RHB Rudolph Lentz
|
0-0: Called Strike 0-1: Ball 1-1: Fielders Choice at 2nd, 1-4 (Groundball, 15S, EV 66.2 MPH) Jorge Torres to third
|
|
Batting: RHB Luis Vargas
|
0-0: Called Strike 0-1: Ball 1-1: Fielders Choice at 2nd, 5-4 (Groundball, 56, EV 89.4 MPH) Jorge Torres scores
|
|
Batting: RHB Colin Morris
|
0-0: Fly out, F2 (Popup, 23F, EV 87.5 MPH)
|
| Bottom of the 4th over - 1 run, 0 hits, 0 errors, 1 left on base; Augusta 2 - Hagerstown 6 |
| TOP OF THE 5TH |
|
Augusta GreenJackets batting - Pitching for Hagerstown Suns : RHP Nolan Carew
|
|
Batting: RHB Armando Ramirez
|
0-0: Ball 1-0: Ball 2-0: Ground out 4-3 (Groundball, 4, EV 85.6 MPH)
|
|
Batting: LHB Oscar Tamayo
|
0-0: Called Strike 0-1: Ball 1-1: Ball 2-1: Ball 3-1: Base on Balls
|
|
Batting: SHB Louie Horne
|
0-0: Ball Passed Ball! Oscar Tamayo to second 1-0: Called Strike 1-1: Fly out, F4 (Popup, 4M, EV 53.1 MPH)
|
|
Batting: LHB Bruce Arvizu
|
0-0: Ground out 4-3 (Groundball, 4, EV 84.4 MPH)
|
| Top of the 5th over - 0 runs, 0 hits, 0 errors, 1 left on base; Augusta 2 - Hagerstown 6 |
| BOTTOM OF THE 5TH |
|
Hagerstown Suns batting - Pitching for Augusta GreenJackets : RHP Ted Splawn
|
|
Batting: SHB Nolan Carew
|
0-0: Ball 1-0: Called Strike 1-1: Ball 2-1: Foul Ball, location: 2F 2-2: Strikes out swinging
|
|
Batting: RHB Alex Martinez
|
0-0: Called Strike 0-1: Ball 1-1: Ball 2-1: Foul Ball, location: 2F 2-2: Foul Ball, location: 2F 2-2: Foul Ball, location: 2F 2-2: Strikes out swinging
|
|
Batting: RHB Kenny Ball
|
0-0: Called Strike 0-1: Swinging Strike 0-2: Strikes out swinging
|
| Bottom of the 5th over - 0 runs, 0 hits, 0 errors, 0 left on base; Augusta 2 - Hagerstown 6 |
| TOP OF THE 6TH |
|
Augusta GreenJackets batting - Pitching for Hagerstown Suns : RHP Nolan Carew
|
|
Batting: RHB Antonio Lara
|
0-0: Ball 1-0: Called Strike 1-1: Called Strike 1-2: Strikes out swinging
|
|
Batting: LHB Gil Caraveo
|
0-0: Ball 1-0: SOLO HOME RUN (Flyball, 9D, EV 91.2 MPH), Distance : 351 ft
|
|
Batting: RHB Gary Sampson
|
0-0: Foul Ball, location: 2F 0-1: SINGLE (Groundball, 34, EV 108.1 MPH)
|
|
Batting: RHB Ruben Irizarry
|
0-0: Ball 1-0: Ball 2-0: Ball 3-0: Called Strike 3-1: Fly out, F5 (Line Drive, 56, EV 68.1 MPH)
|
|
Pitching: RHP Steve Schneider
|
|
|
Batting: SHB Zack Barton
|
0-0: Ball 1-0: Foul Ball, location: 2F 1-1: Ball 2-1: Ball 3-1: Foul Ball, location: 2F 3-2: Fly out, F3 (Popup, 3S, EV 83.8 MPH)
|
| Top of the 6th over - 1 run, 2 hits, 0 errors, 1 left on base; Augusta 3 - Hagerstown 6 |
| BOTTOM OF THE 6TH |
|
Hagerstown Suns batting - Pitching for Augusta GreenJackets : RHP Ted Splawn
|
|
Batting: LHB Tony Olvera
|
0-0: Ball 1-0: Ground out 6-3 (Groundball, P, EV 88.8 MPH)
|
|
Batting: RHB Jorge Torres
|
0-0: Ball 1-0: Foul Ball, location: 2F 1-1: Ball 2-1: Ball 3-1: Swinging Strike 3-2: Foul Ball, location: 2F 3-2: Strikes out swinging, 2-3 out at first.
|
|
Batting: SHB Ed Thorpe Jr.
|
0-0: Swinging Strike 0-1: Called Strike 0-2: Strikes out looking
|
| Bottom of the 6th over - 0 runs, 0 hits, 0 errors, 0 left on base; Augusta 3 - Hagerstown 6 |
| TOP OF THE 7TH |
|
Augusta GreenJackets batting - Pitching for Hagerstown Suns : RHP Steve Schneider
|
|
Batting: RHB Armando Ramirez
|
0-0: Foul Ball, location: 2F 0-1: Ball 1-1: Fly out, F5 (Line Drive, 5, EV 70.6 MPH)
|
|
Batting: LHB Oscar Tamayo
|
0-0: Ball 1-0: Ground out 1-3 (Groundball, 13, EV 65.6 MPH)
|
|
Batting: SHB Louie Horne
|
0-0: Foul Ball, location: 2F 0-1: Ball 1-1: Swinging Strike 1-2: SINGLE (Groundball, 34D, EV 108.1 MPH)
|
|
Batting: LHB Bruce Arvizu
|
0-0: Ball 1-0: Swinging Strike 1-1: Ball 2-1: Ball 3-1: Base on Balls Louie Horne to second
|
|
Batting: RHB Antonio Lara
|
0-0: Called Strike 0-1: Foul Ball, location: 2F 0-2: Ball 1-2: Ball 2-2: Fly out, F7 (Flyball, 7D, EV 98.8 MPH)
|
| Top of the 7th over - 0 runs, 1 hit, 0 errors, 2 left on base; Augusta 3 - Hagerstown 6 |
| BOTTOM OF THE 7TH |
|
Hagerstown Suns batting - Pitching for Augusta GreenJackets : RHP Ted Splawn
|
|
Pitching: RHP Hiroaki Yazawa
|
|
|
Batting: RHB Rudolph Lentz
|
0-0: Foul Ball, location: 2F 0-1: Foul Ball, location: 2F 0-2: Strikes out looking
|
|
Batting: RHB Luis Vargas
|
0-0: Called Strike 0-1: Ball 1-1: Foul Ball, location: 2F 1-2: Ground out 5-3 (Groundball, 56, EV 83.1 MPH)
|
|
Batting: RHB Colin Morris
|
0-0: Called Strike 0-1: Ball 1-1: Ball 2-1: Ground out 5-3 (Groundball, 56S, EV 88.1 MPH)
|
| Bottom of the 7th over - 0 runs, 0 hits, 0 errors, 0 left on base; Augusta 3 - Hagerstown 6 |
| TOP OF THE 8TH |
|
Augusta GreenJackets batting - Pitching for Hagerstown Suns : RHP Steve Schneider
|
|
Pitching: RHP Chris Lawrence
|
|
|
Now in LF: Joe Simmelink
|
|
|
Batting: LHB Gil Caraveo
|
0-0: Ground out U3 (Groundball, 3, EV 88.1 MPH)
|
|
Batting: RHB Gary Sampson
|
0-0: Ball 1-0: Ball 2-0: Called Strike 2-1: Called Strike 2-2: Foul Ball, location: 2F 2-2: Strikes out swinging
|
|
Batting: RHB Ruben Irizarry
|
0-0: Foul Ball, location: 2F 0-1: Ball 1-1: Ball 2-1: Ball 3-1: Foul Ball, location: 2F 3-2: Ground out 4-3 (Groundball, 4, EV 82.5 MPH)
|
| Top of the 8th over - 0 runs, 0 hits, 0 errors, 0 left on base; Augusta 3 - Hagerstown 6 |
| BOTTOM OF THE 8TH |
|
Hagerstown Suns batting - Pitching for Augusta GreenJackets : RHP Hiroaki Yazawa
|
|
Batting: SHB Nolan Carew
|
0-0: Ball 1-0: Ball 2-0: Ground out 4-3 (Groundball, 34, EV 86.9 MPH)
|
|
Batting: RHB Alex Martinez
|
0-0: Called Strike 0-1: Ball 1-1: Swinging Strike 1-2: Foul Ball, location: 2F 1-2: Strikes out swinging
|
|
Batting: RHB Kenny Ball
|
0-0: Ball 1-0: Ball 2-0: Called Strike 2-1: SINGLE (Groundball, 4M, EV 105.6 MPH)
|
|
Batting: LHB Tony Olvera
|
0-0: Called Strike 0-1: Foul Ball, location: 2F 0-2: Strikes out swinging
|
| Bottom of the 8th over - 0 runs, 1 hit, 0 errors, 1 left on base; Augusta 3 - Hagerstown 6 |
| TOP OF THE 9TH |
|
Augusta GreenJackets batting - Pitching for Hagerstown Suns : RHP Chris Lawrence
|
|
Pitching: RHP Jordan Amaker
|
|
|
Now in LF: Leo Gutierrez
|
|
|
Now in RF: Joe Simmelink
|
|
|
Batting: SHB Zack Barton
|
0-0: SINGLE (Groundball, 34D, EV 100.6 MPH)
|
|
Batting: RHB Armando Ramirez
|
|
|
Pinch Hitting: LHB Chris Morgan
|
0-0: Ball 1-0: Fly out, F9 (Line Drive, 9, EV 86.2 MPH)
|
|
Batting: LHB Oscar Tamayo
|
0-0: Ball 1-0: Ball 2-0: Ball 3-0: Called Strike 3-1: Swinging Strike 3-2: Fly out, F8 (Flyball, 8LD, EV 100.6 MPH)
|
|
Batting: SHB Louie Horne
|
0-0: Called Strike 0-1: Foul Ball, location: 2F 0-2: Foul Ball, location: 2F 0-2: Ball 1-2: Ground out 4-3 (Groundball, 34, EV 88.1 MPH)
|
| Top of the 9th over - 0 runs, 1 hit, 0 errors, 1 left on base; Augusta 3 - Hagerstown 6 |
|